 Dungeon Crawl Stone Soup version 0.17.0-28-g6e173f8 (webtiles) character file.

348 PossumBlood the Covered (level 6, 0/48 HPs)
             Began as a Human Fighter on Nov 28, 2015.
             Was a Follower of Okawaru.
             Slain by an orc
             ... wielding a +0 hand axe
              (3 damage)
             ... on level 4 of the Dungeon.
             The game lasted 00:08:55 (2989 turns).

PossumBlood the Covered (Human Fighter)             Turns: 2989, Time: 00:08:57

Health: 0/48       AC:  8    Str: 22    XL:     6   Next: 91%
Magic:  6/6        EV:  9    Int:  8    God:    Okawaru [*.....]
Gold:   183        SH:  0    Dex: 14    Spells: 0 memorised, 5 levels left

rFire  . . .     SeeInvis .     a - +0 long sword
rCold  . . .     Clarity  .     b - +0 scale mail
rNeg   . . .     SustAt   .     c - +0 shield
rPois  .         Gourm    .     n - +0 helmet
rElec  .         Spirit   .     (no cloak)
rCorr  .         Warding  .     (no gloves)
rMut   .         Stasis   .     (no boots)
MR     .....                    (no amulet)
Stlth  ..........               (no ring)
                                (no ring)

@: confused, mighty, not resistant to hostile enchantments, extremely unstealthy
A: no striking features
a: Heroism, Renounce Religion


You were on level 4 of the Dungeon.
You worshipped Okawaru.
Okawaru was aware of your devotion.
You were not hungry.

You visited 1 branch of the dungeon, and saw 4 of its levels.

You collected 183 gold pieces.

Inventory:

Hand Weapons
 a - a +0 long sword (weapon)
Armour
 b - a +0 scale mail (worn)
 c - a +0 shield (worn)
 n - a +0 helmet (worn)
 r - a cursed +0 leather armour
Scrolls
 e - 6 scrolls of identify {unknown}
 f - 2 scrolls of amnesia {unknown}
 i - 2 scrolls of remove curse {unknown}
 l - a scroll of fog {unknown}
 q - a scroll of recharging {unknown}
 u - 3 scrolls of enchant weapon {unknown}
 v - a scroll of enchant armour {unknown}
Potions
 g - a potion of brilliance {unknown}
 h - a potion of agility {unknown}
 j - a potion of magic
 k - 3 potions of curing {unknown}
 m - a potion of resistance {unknown}
 p - a potion of ambrosia {unknown}
 s - a potion of degeneration {unknown}
 t - a potion of haste {unknown}
Comestibles
 o - a meat ration


   Skills:
 + Level 3.9 Fighting
 + Level 3.4 Long Blades
 + Level 4.3 Armour
 + Level 2.6 Dodging
 + Level 4.2 Shields


You had 5 spell levels left.
You didn't know any spells.

Dungeon Overview and Level Annotations

Branches:
Dungeon (4/15)
 Temple: D:4-7

Altars:
Cheibriados
Elyvilon
Okawaru
Ru
Sif Muna


Message History

You bump into the rock wall.
The orc wizard barely misses you. Something hits you but does no damage.
The orc wizard gestures at you while chanting.
The puff of flame misses you.
The puff of flame hits something.
Reactivating autopickup.
The orc wizard hits you but does no damage.
The orc hits you but does no damage.
You're too confused to move!
The orc wizard hits you but does no damage.
The orc wizard hits you with a dagger.
* * * LOW HITPOINT WARNING * * *
The orc misses you.
You closely miss the orc.
The orc wizard points at you and mumbles some strange words.
The puff of frost hits you!
* * * LOW HITPOINT WARNING * * *
The orc wizard hits you but does no damage.
The orc wizard miscasts a cantrip.
The orc hits you with a hand axe.
You die...

.....# .....+ ....
.....# .... .....# .....
.....# ... .....# ...
#....#########.###
####...........oo#
####.#########.#@###
........[.....>o)..#####
##.#.#####.###...#.#...#
##.#.#.........#.#.#.#.#
##.#.#.#.............#.#
##.#.#.#...##....#.###.#
.....#.#...#####<#.###.#
.#.###.#...#####.#.....#
.#.# #.#.........#######


You could see 2 orc wizards and an orc.

Vanquished Creatures
  Menkaure (D:4)
  An ogre (D:4)
  A jelly (D:3)
  3 adders
  2 worms
  2 giant geckos
  4 orcs
  3 ball pythons
  3 hobgoblins
  17 jackals
  2 kobolds (D:2)
  10 bats
  3 giant cockroaches (D:1)
  2 giant newts (D:1)
  14 goblins
  8 rats
76 creatures vanquished.

Vanquished Creatures (others)
  An orc wizard (D:4)
1 creature vanquished.

Grand Total: 77 creatures vanquished

Notes
Turn   | Place    | Note
--------------------------------------------------------------
     0 | D:1      | PossumBlood the Human Fighter began the quest for the Orb.
     0 | D:1      | Reached XP level 1. HP: 18/18 MP: 1/1
    56 | D:1      | Reached XP level 2. HP: 21/24 MP: 2/2
   286 | D:1      | Reached XP level 3. HP: 22/29 MP: 3/3
   652 | D:2      | Reached skill level 1 in Dodging
   899 | D:2      | Found a white marble altar of Elyvilon.
   999 | D:2      | Reached XP level 4. HP: 32/35 MP: 4/4
  1160 | D:2      | Found a faded altar to an unknown god.
  1219 | D:2      | Found an iron altar of Okawaru.
  1244 | D:2      | Became a worshipper of Warmaster Okawaru
  1424 | D:3      | Found a snail-covered altar of Cheibriados.
  1592 | D:3      | Reached XP level 5. HP: 22/41 MP: 5/5
  2188 | D:3      | Reached skill level 4 in Shields
  2335 | D:3      | Found a deep blue altar of Sif Muna.
  2385 | D:3      | Found a sacrificial altar of Ru.
  2446 | D:4      | Noticed Menkaure
  2454 | D:4      | Killed Menkaure
  2454 | D:4      | Reached * piety under Okawaru
  2454 | D:4      | Reached XP level 6. HP: 16/48 MP: 6/6
  2790 | D:4      | Noticed an ogre
  2799 | D:4      | Killed an ogre
  2989 | D:4      | Slain by an orc

Action                   |  1- 3 |  4- 6 || total
-------------------------+-------+-------++-------
Melee: Long sword        |   128 |   195 ||   323
  Use: Potion            |       |     5 ||     5
  Eat: Bread ration      |     1 |       ||     1
       Fruit             |       |     2 ||     2
       Meat ration       |       |     1 ||     1
